AoeStats
← waLLefps.

Arabia

503809886Analyzed
1v1 RM · 1mo ago on Sep 2, 2026· 51m 40s· 2 players
Game mode
Random Map
Map size
Tiny (2 player)
Population
200
Speed
Normal
Resources
Standard
Victory
Conquest
Starting age
Dark Age
Ending age
Imperial Age
RankedLock teamsTeams togetherTeam positionsShared explorationLock speedFull tech treeHidden civsTurbo modeCheats
Victory
Defeat
🇹🇷 Inca · Türkiye
1405
+14
🇲🇽 Armenians · Mexico
1370
-14
VempirE Reider
2:25 Loom
12:03 Feudal Age
12:05 Man-at-Arms
12:47 Double-Bit Axe
12:49 Long Swordsman
20:50 Scale Mail Armor
21:01 Forging
21:14 Horse Collar
22:28 Gold Mining
25:16 Wheelbarrow
30:38 Town Watch
33:56 Castle Age
32:13 Fletching
34:01 Two-Handed Swordsman
34:44 Squires
34:32 Gambesons
35:24 Chain Mail Armor
37:11 Bow Saw
40:28 Champion
45:02 Bodkin Arrow
48:27 Ballistics
waLLefps.
7:16 Loom
9:42 Feudal Age
10:10 Champi Runner
11:30 Scale Mail Armor
11:37 Double-Bit Axe
17:31 Fletching
23:34 Padded Archer Armor
30:20 Castle Age
28:53 Gold Mining
28:45 Horse Collar
31:23 Bodkin Arrow
31:03 Champi Warrior
32:04 Crossbowman
34:16 Arson
38:29 Bow Saw
39:32 Forging
45:58 Chain Mail Armor
45:53 Heavy Plow
46:33 Wheelbarrow
46:40 Iron Casting
47:03 Squires
49:09 Ballistics
49:25 Hand Cart
Connection lost

Rejoining the realm…

Still unreachable

The connection could not be restored.

Session expired

The server has moved on; the page needs a fresh start.